 Dungeon Crawl Stone Soup version 0.28.0-47-ge53b351184 (webtiles) character file.

Game seed: 13166002177477543837

149 Exodus22XD the Chopper (level 5, 0/47 HPs)
             Began as a Hill Orc Monk on May 7, 2022.
             Succumbed to Edmund's poison
             ... on level 4 of the Dungeon.
             The game lasted 00:02:54 (3181 turns).

Exodus22XD the Chopper (Hill Orc Monk)              Turns: 3181, Time: 00:02:55

Health: 0/47       AC: 15    Str: 16    XL:     5   Next: 31%
Magic:  5/5        EV: 10    Int: 10    God:
Gold:   149        SH:  0    Dex: 13    Spells: 4/4 levels left

rFire   . . .      SeeInvis .   a - +0 hand axe
rCold   . . .      Faith    .   (no shield)
rNeg    . . .      Spirit   .   d - +0 scale mail
rPois   .          Reflect  .   g - +2 helmet
rElec   .          Harm     .   m - +0 cloak
rCorr   +          Rampage  .   (no gloves)
Will    .....                   (no boots)
Stlth   ..........              (no amulet)
HPRegen 0.15/turn               p - +4 ring of protection
MPRegen 0.09/turn               q - ring of resist corrosion

@: lethally poisoned (0 -> -22)
A: no striking features
a: no special abilities


You were on level 4 of the Dungeon.
You visited 1 branch of the dungeon, and saw 4 of its levels.

You collected 149 gold pieces.

Inventory:

Hand Weapons
 a - a +0 hand axe (weapon)
 k - the +5 quarterstaff of Autumn {elec, rC+}
   (You found it on level 2 of the Dungeon)

   It occasionally discharges a powerful burst of electricity upon striking a
   foe.
   rC:        It protects you from cold.
Armour
 d - a +0 scale mail (worn)
 g - a +2 helmet (worn)
 m - a +0 cloak (worn)
Jewellery
 p - a +4 ring of protection (left hand)
 q - a ring of resist corrosion (right hand)
Wands
 o - a wand of iceblast (5)
Scrolls
 e - a scroll of fear {unknown}
 h - a scroll of amnesia {unknown}
 i - a scroll of enchant weapon {unknown}
 j - a scroll of vulnerability {unknown}
 l - a scroll of enchant armour {unknown}
 r - a scroll of identify {unknown}
Potions
 b - a potion of haste {unknown}
 f - a potion of might {unknown}
 n - a potion of berserk rage {unknown}


   Skills:
 + Level 4.4 Fighting
 + Level 5.6 Axes
 * Level 3.3 Armour
 - Level 2.4 Dodging
 - Level 1.5 Stealth


You had 4 spell levels left.
You didn't know any spells.
Your spell library contained the following spells:

 Spells                   Type           Power      Damage    Failure   Level
 Passage of Golubria      Tloc           0%         N/A       100%        4
 Silence                  Hex/Air        0%         N/A       100%        5
 Summon Forest            Summ/Tloc      0%         N/A       100%        5
 Eringya's Noxious Bog    Tmut/Pois      0%         N/A       100%        6
 Summon Hydra             Summ           0%         N/A       100%        7
 Lehudib's Crystal Spear  Conj/Erth      0%         10d2      100%        8


Dungeon Overview and Level Annotations

Branches:
Dungeon (4/15)
 Temple: D:4-7

Altars:
Hepliaklqana
Nemelex Xobeh

Annotations:
D:4 Edmund


Message History

You feel sick. Edmund hits you but does no damage.
You are more poisoned.
You hit Edmund.
Edmund is heavily wounded.
You feel sick.
Edmund hits you with a +1 flail of venom.
You hit Edmund.
Edmund is heavily wounded.
You feel sick.
Edmund hits you with a +1 flail of venom.
You are lethally poisoned!
You hit Edmund but do no damage.
Edmund is heavily wounded.
You feel very sick. Edmund barely misses you.
* * * LOW HITPOINT WARNING * * *
You feel very sick.
You hit Edmund but do no damage.
Edmund is heavily wounded.
* * * LOW HITPOINT WARNING * * *
You feel very sick. Edmund hits you but does no damage.
You are more poisoned.
You barely miss Edmund.
Edmund is heavily wounded.
* * * LOW HITPOINT WARNING * * *
You feel very sick. Edmund hits you but does no damage.
You are more poisoned.
You feel better. Edmund hits you but does no damage.
You are poisoned.
You hit Edmund.
Edmund is severely wounded.
You feel very sick.
Edmund hits you with a +1 flail of venom!
* * * LOW HITPOINT WARNING * * *
You are more poisoned.
You hit Edmund.
Edmund is severely wounded.
You die...

#. #. # #.# #. #..# #.#
## #.###..#####.# #. #
#.........##.###### #.
#.#...#.........)...####.
.......##.....†##......
#.># #.#...########.
#..#####.##.## #.
#..g@@...##.# #.
#.#########.# #) #. #+#
## .. .## ## . ##. #
####.. +..... ####..


You could see Edmund and a hobgoblin.

Vanquished Creatures
  Ijyb (D:3)
  Natasha (twice) (D:3)
  An adder (D:3)
  3 worms
  A dart slug (D:4)
  An orc (D:3)
  6 endoplasms
  4 giant cockroaches
  4 goblins
  3 hobgoblins
  4 jackals (D:4)
  A quokka (D:1)
  7 ball pythons
  5 bats
  2 frilled lizards
  5 kobolds
  3 rats (D:1)
53 creatures vanquished.

Vanquished Creatures (others)
  7 plants (D:4)
7 creatures vanquished.

Grand Total: 60 creatures vanquished

Notes
Turn   | Place    | Note
-------+----------+-------------------------------------------
     0 | D:1      | Exodus22XD the Hill Orc Monk began the quest for the Orb.
     0 | D:1      | Reached XP level 1. HP: 19/19 MP: 1/1
   300 | D:1      | Reached XP level 2. HP: 23/27 MP: 2/2
   587 | D:1      | Reached skill level 1 in Armour
  1152 | D:2      | Reached XP level 3. HP: 33/33 MP: 3/3
  1154 | D:2      | Identified the +5 quarterstaff of Autumn {elec, rC+}
  1265 | D:2      | Found a sparkling altar of Nemelex Xobeh.
  1985 | D:3      | Noticed Ijyb
  1999 | D:3      | Reached skill level 5 in Axes
  2024 | D:3      | Killed Ijyb
  2025 | D:3      | Reached XP level 4. HP: 13/41 MP: 4/4
  2245 | D:3      | Noticed Natasha
  2259 | D:3      | Killed Natasha
  2777 | D:3      | Noticed Natasha
  2785 | D:3      | Killed Natasha
  2786 | D:3      | Reached XP level 5. HP: 41/47 MP: 5/5
  3051 | D:4      | Found a hazy altar of Hepliaklqana.
  3162 | D:4      | Noticed Edmund
  3181 | D:4      | Succumbed to Edmund's poison

Illustrated notes

Levels and vault maps discovered:
D:1:      dpeg_arrival_rooms_a, layout_loops_ring
D:2:      layout_loops_ring, basic_altar, serial_rivers,
          chequers_serial_rivers_small_3, chequers_serial_rivers_large_a,
          chequers_serial_rivers_small_3, chequers_serial_rivers_large_b
D:3:      layout_basic, uniq_natasha, uniq_ijyb
D:4:      layout_loops_corners, nicolae_hepliaklqana_hazy_memory,
          ebering_ghost_sewer_f, uniq_edmund

Skill      XL: |  1  2  3  4 |
---------------+-------------+-----
Fighting       | 4 |  4.4
Armour         | 1 2 3 |  3.3
Axes           | 5 |  5.6
Dodging        | |  2.4
Stealth        | |  1.5

Action                   |  1- 3 |  4- 6 || total
-------------------------+-------+-------++-------
Melee: Hand axe          |   120 |    82 ||   202
       Punch             |       |     1 ||     1
  Use: Potion            |       |     2 ||     2
Armor: Scale mail        |    40 |    36 ||    76
       Robe              |     1 |       ||     1
Dodge: Dodged            |    54 |    32 ||    86
